 Dungeon Crawl Stone Soup version 0.24-a0-499-g1074bba3cf (webtiles) character file.

Game seed: 2747406975817513532

37 KristoblXynda the Insei (level 3, 0/19 HPs)
             Began as a Vine Stalker Monk on July 14, 2019.
             Slain by Terence
             ... wielding a +0 mace
              (7 damage)
             ... on level 2 of the Dungeon.
             The game lasted 00:01:30 (898 turns).

KristoblXynda the Insei (Vine Stalker Monk)          Turns: 898, Time: 00:01:30

Health: 0/19       AC:  3    Str: 12 (14) XL:     3   Next: 41%
Magic:  0/4        EV: 12    Int:  8 (10) God:
Gold:   74         SH:  0    Dex: 14 (16) Spells: 2/2 levels left

rFire    . . .     SeeInvis .     - Unarmed
rCold    . . .     Gourm    .   (no shield)
rNeg     . . .     Faith    .   e - +0 leather armour
rPois    .         Spirit   +   (no helmet)
rElec    .         Reflect  .   (no cloak)
rCorr    .         Harm     .   (no gloves)
MR       .....                  (no boots)
Stlth    ++........             (no amulet)
HPRegen  0.06/turn              (no ring)
MPRegen  0.09/turn              (no ring)

@: hasted, very quick
A: fangs 2, magic shield, antimagic bite, no potion heal 3, rot immunity
a: no special abilities


You were on level 2 of the Dungeon.
You were not hungry.

You visited 1 branch of the dungeon, and saw 2 of its levels.

You collected 74 gold pieces.

Inventory:

Armour
 e - a +0 leather armour (worn)
Scrolls
 d - a scroll of blinking {unknown}
 f - 4 scrolls of remove curse {unknown}
Potions
 g - a potion of mutation {unknown}
 h - a potion of heal wounds {unknown}
Comestibles
 b - 2 rations


   Skills:
 - Level 2.6 Fighting
 + Level 2.7 Dodging
 + Level 3.1 Stealth
 * Level 3.7 Unarmed Combat


You had 2 spell levels left.
You didn't know any spells.
Your spell library contained the following spells:

 Spells                   Type           Power        Failure   Level  Hunger
 Confusing Touch          Hex            #.....       50%         1    ##.....
 Confuse                  Hex            #.......     86%         3    ####...
 Gell's Gravitas          Tloc           #.........   86%         3    ####...
 Petrify                  Tmut/Erth      #.......     99%         4    #####..
 Metabolic Englaciation   Hex/Ice        #.........   100%        5    ######.
 Yara's Violent Unravell  Hex/Tmut       #.........   100%        5    ######.


Dungeon Overview and Level Annotations

Branches:
Dungeon (2/15)

Altars:

Annotations:
D:2 Terence


Innate Abilities, Weirdness & Mutations

You have extremely sharp teeth.
When hurt, damage is shared between your health and your magic reserves.
Your bite disrupts and absorbs the magic of your enemies.
Potions cannot restore your health.
You are immune to rotting.


Message History

Terence completely misses you.
You hit Terence but do no damage. You bite Terence. You drain his power.
Terence is moderately wounded.
Terence hits you with a +0 mace.
You hit Terence. You bite Terence, but do no damage.
Terence is heavily wounded.
Terence closely misses you.
You hit Terence but do no damage. You bite Terence, but do no damage.
Terence is heavily wounded.
Terence barely misses you.
Okay, then.
It was a potion of degeneration.
There was something very wrong with that liquid.
You feel weakened.
You feel dopey.
You feel clumsy.
It was a potion of haste.
You feel yourself speed up. Terence closely misses you.
You hit Terence but do no damage. You bite Terence. You drain his power.
Terence is severely wounded.
Terence hits you with a +0 mace!
You die...

###...####.#...##
#...##...##....
#.#..#.#####... ## #
##.##......# ... .S
..# ###..####.##.# ..
...#####....##......#
#.
#.......#..##.#.####
#. ###............#
..#####.....####@.####
...##...#.#####@.##
##....).........##
#..##....#######
#..##..##.....
..#...###.#### .##.##
..# .... .## ....$ ..


You could see Terence.

Vanquished Creatures
  A dart slug (D:1)
  2 leopard geckos (D:1)
  5 goblins (D:1)
  5 hobgoblins
  3 jackals (D:1)
  5 kobolds (D:1)
  2 bats (D:1)
  5 frilled lizards
  3 rats (D:1)
31 creatures vanquished.

Notes
Turn   | Place    | Note
-------+----------+-------------------------------------------
     0 | D:1      | KristoblXynda the Vine Stalker Monk began the quest for the
                  | Orb.
     0 | D:1      | Reached XP level 1. HP: 11/11 MP: 2/2
   176 | D:1      | Reached XP level 2. HP: 10/16 MP: 3/3
   498 | D:1      | Reached XP level 3. HP: 18/19 MP: 4/4
   864 | D:2      | Noticed Terence
   898 | D:2      | Slain by Terence

Levels and vault maps discovered:
D:1:      giann_bridges, layout_basic, st_stairs_14
D:2:      layout_rooms, ashenzari_altar_1, dk_yredelemnul_ordeal, uniq_terence

Skill      XL: |  1  2 |
---------------+-------+-----
Stealth        | 3 |  3.1
Fighting       | |  2.6
Dodging        | |  2.7
Unarmed Combat | |  3.7

Action                   || total
-------------------------++-------
Melee: Unarmed           ||    85
       Bite              ||    20
       Punch             ||     2
  Use: Potion            ||     2
 Stab: Sleeping          ||     4
Armor: Robe              ||     2
       Leather armour    ||     5
Dodge: Dodged            ||    50

Table legend:
 A = Non-vault XP
 B = Vault XP
 C = Vault XP percentage of total XP
 D = Non-vault monster count
 E = Vault monster count
 F = Vault count percentage of total count
                 A         B        C        D         E       F
            +---------+---------+-------+---------+---------+-------
      Total |      52 |       2 |   3.7 |      30 |       1 |   3.2
            +---------+---------+-------+---------+---------+-------
        D:1 |      49 |       2 |   3.9 |      28 |       1 |   3.4
        D:2 |       3 |       0 |   0.0 |       2 |       0 |   0.0
            +---------+---------+-------+---------+---------+-------
